 Dungeon Crawl Stone Soup version 0.31-a0-236-g9a0961fb85 (webtiles) character file.

Game seed: 6089311269992439627

77 garrulousMonolith the Firebug (level 4, -1/32 HPs)
             Began as a Gnoll Fire Elementalist on July 11, 2023.
             Slain by Crazy Yiuf
             ... wielding a +4 quarterstaff of chaos
              (7 damage)
             ... while petrified by Crazy Yiuf
             ... on level 2 of the Dungeon.
             The game lasted 00:01:59 (2561 turns).

garrulousMonolith the Firebug (GnFE)                Turns: 2561, Time: 00:02:00

Health: -1/32      AC:  2    Str:  8    XL:     4   Next: 34%
Magic:  8/11       EV:  2    Int: 16    God:
Gold:   105        SH:  0    Dex: 12    Spells: 7/13 levels left

rFire   . . .        e - +0 dagger
rCold   . . .        (no shield)
rNeg    + + +        a - +0 robe
rPois   ∞            (no helmet)
rElec   .            (no cloak)
rCorr   .            (no gloves)
SInv    .            (no boots)
Will    .....        (no amulet)
Stlth   ++           (no ring)
HPRegen 0.25/turn    (no ring)
MPRegen 0.12/turn

%: no passive effects
@: petrified
A: fangs 1, strong nose, distributed training
a: no special abilities


You were on level 2 of the Dungeon.
You visited 1 branch of the dungeon, and saw 2 of its levels.

You collected 138 gold pieces.
You spent 33 gold pieces at shops.

Inventory:

Hand Weapons
 e - a +0 dagger (weapon)
 h - a +0 sling
Armour
 a - a +0 robe (worn)
Jewellery
 c - a ring of resist corrosion
Scrolls
 d - a scroll of noise {unknown}
 f - 3 scrolls of enchant armour {unknown}
 j - 3 scrolls of blinking
 l - 2 scrolls of teleportation
Potions
 b - a potion of magic
 g - 2 potions of curing
 i - a potion of enlightenment {unknown}
 k - a potion of lignification {unknown}


   Skills:
 + Level 1.1 Fighting
 + Level 1.1 Short Blades
 + Level 1.1 Long Blades
 + Level 1.1 Axes
 + Level 1.1 Maces & Flails
 + Level 1.1 Polearms
 + Level 1.1 Staves
 + Level 1.1 Ranged Weapons
 + Level 1.1 Throwing
 + Level 1.1 Armour
 + Level 4.6 Dodging
 + Level 4.2 Stealth
 + Level 1.1 Shields
 + Level 1.1 Unarmed Combat
 + Level 5.1 Spellcasting
 + Level 2.2 Conjurations
 + Level 0.9 Hexes
 + Level 0.9 Summonings
 + Level 0.9 Necromancy
 + Level 0.9 Translocations
 + Level 0.9 Transmutations
 + Level 5.4 Fire Magic
 + Level 0.9 Ice Magic
 + Level 0.9 Air Magic
 + Level 0.9 Earth Magic
 + Level 0.9 Poison Magic
 + Level 1.2 Invocations
 + Level 1.1 Evocations


You had 7 spell levels left.
You knew the following spells:

 Your Spells              Type           Power      Damage    Failure   Level
a - Foxfire               Conj/Fire      64%        2x1d7     3%          1
b - Scorch                Fire           42%        2d7       2%          2
c - Volatile Blastmotes   Fire/Tloc      28%        2d12      12%         3

Your spell library contained the following spells:

 Spells                   Type           Power      Damage    Failure   Level
 Inner Flame              Hex/Fire       14%        N/A       12%         3
 Flame Wave               Conj/Fire      16%        2d7       30%         4


Dungeon Overview and Level Annotations

Branches:
Dungeon (2/15)

Altars:
Qazlal

Shops:
D:2 ?

Annotations:
D:2 Crazy Yiuf


Innate Abilities, Weirdness & Mutations

You have very sharp teeth.
Your uncanny sense of smell can sniff out nearby items.
Your experience applies equally to all skills.


Message History

Moving in this stuff is going to be slow.
You enter the shallow water.
Moving in this stuff is going to be slow.
There is an open door here.
You enter the shallow water.
Moving in this stuff is going to be slow.
There is an open door here.
Key pressed, stopping explore.
Crazy Yiuf shouts!
Crazy Yiuf waves his quarterstaff at you.
Crazy Yiuf laughs, "Tonal!
Goober pizzabubble arga."
You start waiting.
Done waiting.
You start waiting.
Done waiting.
Okay, then.
Crazy Yiuf laughs, "Blight rumpyflump light!"
You open the door.
Casting: Foxfire (safe; 3% risk of failure)
Confirm with . or Enter, or press ? or * to list all spells.
Flames lash Crazy Yiuf.
Crazy Yiuf is heavily wounded.
Crazy Yiuf's fire resistance burns away.
Crazy Yiuf hits you with a +4 quarterstaff of chaos!
You are slowing down.
Crazy Yiuf grits, "Papa broken sing!"
Crazy Yiuf hits you with a +4 quarterstaff of chaos!
You resist with some effort.
Your limbs are stiffening.
Casting: Scorch (safe; 2% risk of failure)
Confirm with . or Enter, or press ? or * to list all spells.
You conjure some foxfire!
Crazy Yiuf hits you with a +4 quarterstaff of chaos!
* * * LOW HITPOINT WARNING * * *
Crazy Yiuf closely misses you.
You have turned to stone.
Crazy Yiuf hits you with a +4 quarterstaff of chaos.
* * * LOW HITPOINT WARNING * * *
Crazy Yiuf freezes you.
Crazy Yiuf is no longer more vulnerable to fire.
Crazy Yiuf hits you with a +4 quarterstaff of chaos!
You die...

......##############.#.###.#.#
.########### ###.# #.#.#
...........# #.###.#.####
.########### #####
#...#.#..... P.........# #..)#
#.#.#.###### P.........# #...#
#.#.#.###### ~.##..###.# ...
#.#.#....... #.........# #g#
#.#.#....### ......###.# ##@#
#...##.#.# ####..# #.# #v##
#......#.# #....####.## ##.#
########.# #.#........# #.##
#.# ####.# #.#.#####.## ##.##
#.# #....# ..#...###..# #...##
#.###.#### ..#........# #....#
#.....# ..'........# #....#
#.##### ..#........#
#....####.#


You could see Crazy Yiuf (ally target).

Vanquished Creatures
  3 gnolls (D:2)
  An adder (D:2)
  2 dart slugs (D:2)
  2 bats
  3 endoplasms
  3 goblins
  3 hobgoblins
  4 kobolds
  4 quokkas
  3 ball pythons (D:2)
  6 frilled lizards
  A rat (D:1)
35 creatures vanquished.

Vanquished Creatures (collateral kills)
  A foxfire (D:1)
1 creature vanquished.

Vanquished Creatures (others)
  134 foxfires
134 creatures vanquished.

Grand Total: 170 creatures vanquished

Notes
Turn   | Place    | Note
-------+----------+-------------------------------------------
     0 | D:1      | garrulousMonolith the Gnoll Fire Elementalist began the
                  | quest for the Orb.
     0 | D:1      | Reached XP level 1. HP: 13/13 MP: 6/6
   318 | D:1      | Found a faded altar of an unknown god.
   409 | D:1      | Reached XP level 2. HP: 19/19 MP: 4/7
  1211 | D:2      | Reached skill level 5 in Spellcasting
  1211 | D:2      | Reached XP level 3. HP: 25/25 MP: 5/9
  1221 | D:2      | Reached skill level 1 in Invocations
  1257 | D:2      | Learned a level 2 spell: Scorch
  1261 | D:2      | Learned a level 3 spell: Volatile Blastmotes
  1287 | D:2      | Reached skill level 1 in Fighting
  1287 | D:2      | Reached skill level 1 in Short Blades
  1287 | D:2      | Reached skill level 1 in Long Blades
  1287 | D:2      | Reached skill level 1 in Axes
  1287 | D:2      | Reached skill level 1 in Maces & Flails
  1287 | D:2      | Reached skill level 1 in Polearms
  1287 | D:2      | Reached skill level 1 in Staves
  1287 | D:2      | Reached skill level 1 in Ranged Weapons
  1287 | D:2      | Reached skill level 1 in Throwing
  1287 | D:2      | Reached skill level 1 in Armour
  1287 | D:2      | Reached skill level 1 in Shields
  1287 | D:2      | Reached skill level 1 in Unarmed Combat
  1287 | D:2      | Reached skill level 1 in Evocations
  1462 | D:2      | Reached XP level 4. HP: 32/32 MP: 9/11
  1529 | D:2      | Found a stormy altar of Qazlal.
  1770 | D:2      | Found a runed translucent door.
  1779 | D:2      | Noticed Crazy Yiuf
  2136 | D:2      | Found Kout's Magic Scroll Shop.
  2139 | D:2      | Bought a scroll of teleportation for 33 gold pieces
  2561 | D:2      | Slain by Crazy Yiuf

Illustrated notes

Levels and vault maps discovered:
D:1:      eino_arrival_druids_welcome, layout_basic,
          ebering_ecumenical_altar_mist
D:2:      layout_basic, serial_shops, shop, serial_bayou, serial_bayou_crossing,
          serial_bayou_pond_d, serial_bayou_shore_a, serial_bayou_shore_b,
          basic_altar, uniq_crazy_yiuf_cottage

Skill      XL: |  1  2  3 |
---------------+----------+-----
Conjurations   | 2 |  2.2
Spellcasting   | 5 |  5.1
Invocations    | 1 |  1.2
Fighting       | 1 |  1.1
Short Blades   | 1 |  1.1
Long Blades    | 1 |  1.1
Axes           | 1 |  1.1
Maces & Flails | 1 |  1.1
Polearms       | 1 |  1.1
Staves         | 1 |  1.1
Ranged Weapons | 1 |  1.1
Throwing       | 1 |  1.1
Armour         | 1 |  1.1
Shields        | 1 |  1.1
Unarmed Combat | 1 |  1.1
Evocations     | 1 |  1.1
Dodging        | |  4.6
Stealth        | |  4.2
Hexes          | |  0.9
Summonings     | |  0.9
Necromancy     | |  0.9
Translocations | |  0.9
Transmutations | |  0.9
Fire Magic     | |  5.4
Ice Magic      | |  0.9
Air Magic      | |  0.9
Earth Magic    | |  0.9
Poison Magic   | |  0.9

Action                     |  1- 3 |  4- 6 || total
---------------------------+-------+-------++-------
   Cast: Foxfire           |    62 |    22 ||    84
         Scorch            |       |     1 ||     1
    Use: Scroll            |     3 |       ||     3
 Armour: Robe              |     4 |       ||     4
  Dodge: Dodged            |     8 |     1 ||     9

Table legend: (Time is in decaauts)
 A = Elapsed time spent in this place.
 B = Non-inter-level travel time spent in this place.
 C = Inter-level travel time spent in this place.
 D = Time resting spent in this place.
 E = Time spent auto-exploring this place.
 F = Levels seen in this place.
 G = Mean time per level.
                   A        B        C        D        E       F      G
               +--------+--------+--------+--------+--------+-----+--------+
         Total |   2588 |   2561 |     27 |    362 |   1914 |   2 | 1294.0 |
       Dungeon |   2588 |   2561 |     27 |    362 |   1914 |   2 | 1294.0 |
               +--------+--------+--------+--------+--------+-----+--------+

Top non-repeatable levels by time:
     D:2: 1455 daAuts
     D:1: 1133 daAuts
